 Dungeon Crawl Stone Soup version 0.17-a0-1850-g688e747 (webtiles) character file.

24 derrpe the Changer (level 3, -3/26 HPs)
             Began as a Merfolk Transmuter on Sept 19, 2015.
             Slain by a gnoll
             ... wielding a +0 spear
              (7 damage)
             ... on level 1 of the Dungeon.
             The game lasted 00:02:49 (1478 turns).

derrpe the Changer (Merfolk Transmuter)             Turns: 1478, Time: 00:02:49

Health: -3/26      AC:  2    Str: 10    XL:     3   Next: 2%
Magic:  6/6        EV: 13    Int: 13    God:
Gold:   19         SH:  0    Dex: 14    Spells: 1 memorised, 5 levels left

rFire  . . .     SeeInvis .     e - -1 club (curse)
rCold  . . .     Clarity  .     b - +0 robe
rNeg   . . .     SustAt   .     (no shield)
rPois  .         Gourm    .     o - +0 hat
rElec  .         Spirit   .     (no cloak)
rCorr  .         Warding  .     (no gloves)
rMut   .         Stasis   .     (no boots)
MR     .....                    (no amulet)
Stlth  +.........               (no ring)
                                (no ring)

@: appendage (expiring), not resistant to hostile enchantments, very unstealthy
A: change form in water, swift swim, horns 2
a: End Transformation


You were on level 1 of the Dungeon.
You were not hungry.
You had grown temporary horns.
You visited 1 branch of the dungeon, and saw 1 of its levels.

You collected 19 gold pieces.

Inventory:

Hand weapons
 e - a cursed -1 club (weapon)
 i - a +1 dagger of freezing
Missiles
 a - 32 arrows
Armour
 b - a +0 robe (worn)
 o - a +0 hat (worn)
Jewellery
 n - an uncursed amulet of guardian spirit {unknown}
Scrolls
 f - a scroll of magic mapping {unknown}
 k - a scroll of identify {unknown}
 l - a scroll of fear {unknown}
Potions
 g - a potion of degeneration {unknown}
 m - a potion of agility {unknown}
Books
 c - a book of Changes

   Spells                             Type                      Level
   a - Beastly Appendage              Transmutation                1
   b - Sticks to Snakes               Transmutation                2
   c - Spider Form                    Transmutation/Poison         3
   d - Ice Form                       Ice/Transmutation            4
   e - Blade Hands                    Transmutation                5
Comestibles
 d - a bread ration {@e1}
 h - 3 chunks of flesh {@w0}
 j - a meat ration {@e2}
 p - a slice of pizza


   Skills:
 - Level 1.1 Fighting
 - Level 2.6 Dodging
 - Level 3.2 Unarmed Combat
 - Level 2.0 Spellcasting
 + Level 4.5 Transmutations


You had 5 spell levels left.
You knew the following spells:

 Your Spells              Type           Power        Failure   Level  Hunger
a - Beastly Appendage     Trmt           ##....       4%          1    ##.....


Dungeon Overview and Level Annotations

Branches:
Dungeon (1/15)

Altars:


Innate Abilities, Weirdness & Mutations

You revert to your normal form in water.
You are very nimble and swift while swimming.
You have a pair of horns on your head.


Message History

The gnoll hits you from afar with a spear!
The gnoll misses you.
You hit the gnoll.
The gnoll is moderately wounded.
The gnoll closely misses you.
You hit the gnoll but do no damage.
The gnoll is moderately wounded.
The gnoll hits you with a spear. x2
You barely miss the gnoll.
The gnoll is moderately wounded.
The gnoll hits you with a spear!
* * * LOW HITPOINT WARNING * * *
You hit the gnoll.
The gnoll is heavily wounded.
Your transformation is almost over.
The gnoll misses you.
You hit the gnoll.
The gnoll is heavily wounded.
The gnoll hits you with a spear!
You die...

#.# #.# #..............# #.#
#.#########. .#######.#..# #.#
##..)........ #....#.## #.#
#......#######..# #....#.## #.#
#......+ ....# #....#.## #.#
#......### ##...###......# #.#
#......+ ...#...#.'......#
##.####......####.#...#.#...#..#
................@g....#.#...##)##
...##############.##..#.######.##
...#####.....####.##..#.# #.##
.......'.....+..........# #..#
########.....####.##....# ##.#
#.....+..........# #..
#.....####.##...## ##. #.....#
#.##...# ### #. ####'#####.##...#
#.# ##


You could see a gnoll.

Vanquished Creatures
  2 giant cockroaches (D:1)
  5 hobgoblins (D:1)
  5 bats (D:1)
  3 giant newts (D:1)
  3 goblins (D:1)
  A jackal (D:1)
  A kobold (D:1)
  4 rats (D:1)
24 creatures vanquished.

Notes
Turn   | Place    | Note
--------------------------------------------------------------
     0 | D:1      | derrpe the Merfolk Transmuter began the quest for the Orb.
     0 | D:1      | Reached XP level 1. HP: 15/15 MP: 3/3
   395 | D:1      | Reached XP level 2. HP: 21/21 MP: 3/5
   623 | D:1      | Reached skill level 4 in Transmutations
  1304 | D:1      | Reached XP level 3. HP: 19/26 MP: 6/6
  1478 | D:1      | Slain by a gnoll

Vault maps used:
D:1:      minmay_arrival_stone_box

Action                   || total
-------------------------++-------
Melee: Unarmed           ||    13
       Club              ||   110
 Cast: Beastly Appendage ||    12
  Use: Scroll            ||     1
  Eat: Chunk             ||     2
